 Dungeon Crawl Stone Soup version 0.27-a0-1046-g98bf31544f (webtiles) character file.

Game seed: 390561043088055232

1208 senseless the Fighter (level 8, -3/77 HPs)
             Began as a Palentonga Fighter on Apr 19, 2021.
             Splashed by an acid dragon's acid (5 damage)
             ... on level 6 of the Dungeon.
             The game lasted 00:23:57 (7140 turns).

senseless the Fighter (Palentonga Fighter)          Turns: 7140, Time: 00:23:58

Health: -3/77      AC: 11    Str: 23    XL:     8   Next: 21%
Magic:  8/8        EV:  5    Int:  9    God:
Gold:   335        SH:  9    Dex: 10    Spells: 7/7 levels left

rFire    + + .     SeeInvis +   p - +2 scimitar (holy)
rCold    + . .     Faith    .   c - +0 kite shield
rNeg     . . .     Spirit   .   b - +0 scale mail
rPois    +         Reflect  .   n - +0 helmet
rElec    +         Harm     .   (no cloak)
rCorr    +         Rampage  .   e - +0 pair of gloves
Will     .....                  (no barding)
Stlth    ..........             q - amulet of the acrobat
HPRegen  0.22/turn              s - ring of protection from fire
MPRegen  0.11/turn              (no ring)

@: resistant, corroded, studying Short Blades, curled up
A: large, rugged brown scales 3, see invisible, deformed body, roll 1, armoured
tail, reflexive curl, strong 1, wild magic 1
a: Rolling Charge


You were on level 6 of the Dungeon.
You visited 1 branch of the dungeon, and saw 6 of its levels.
You also visited: Sewer.

You collected 335 gold pieces.

Inventory:

Hand Weapons
 a - a +1 long sword of freezing
 k - a +1 vorpal hand axe
 p - a +2 scimitar of holy wrath (weapon)
Armour
 b - a +0 scale mail (worn)
 c - a +0 kite shield (worn)
 e - a +0 pair of gloves (worn)
 n - a +0 helmet (worn)
Jewellery
 q - an amulet of the acrobat (around neck)
 s - a ring of protection from fire (left hand)
Wands
 i - a wand of mindburst (20)
 o - a wand of digging (5)
 u - a wand of flame (20)
Scrolls
 g - a scroll of amnesia
 m - a scroll of holy word
 t - 5 scrolls of identify
 v - a scroll of magic mapping {unknown}
 w - a scroll of noise {unknown}
 x - a scroll of vulnerability {unknown}
Potions
 d - 2 potions of berserk rage {unknown}
 f - 3 potions of flight
 h - a potion of degeneration {unknown}
 j - 5 potions of invisibility
 r - a potion of attraction {unknown}


   Skills:
 * Level 10.3 Fighting
 - Level 2.0 Long Blades
 - Level 2.4 Armour
 - Level 2.4 Shields


You had 7 spell levels left.
You didn't know any spells.
Your spell library contained the following spells:

 Spells                   Type           Power      Damage    Failure   Level
 Corona                   Hex            0%         N/A       99%         1
 Ensorcelled Hibernation  Hex/Ice        0%         N/A       100%        2
 Confusing Touch          Hex            0%         N/A       100%        3
 Dazzling Flash           Conj/Hex       0%         N/A       100%        3
 Tukima's Dance           Hex            0%         N/A       100%        3


Dungeon Overview and Level Annotations

Branches:
Dungeon (6/15)              Sewer (visited)
 Temple: D:4-7

Altars:
Fedhas
Hepliaklqana
Vehumet

Shops:
D:1 *

Annotations:
D:5 2 transporters, ma3's ghost, novice OpTm


Innate Abilities, Weirdness & Mutations

You are completely covered in rugged brown scales. (AC +3, +7% HP)
You have supernaturally acute eyesight. (SInv)
Armour fits poorly on your strangely shaped body.
You can roll at nearby foes to attack.
You have a long armoured tail.
You curl defensively after being hit.
Your muscles are strong. (Str +2)
Your spells are a little harder to cast, but a little more powerful.


Message History

You slash the ogre!
The ogre is heavily wounded.
You feel sick.
The ogre hits you with a +0 giant spiked club!
You slash the ogre!
You kill the ogre!
You feel sick. The bullfrog hits you. You block the bullfrog's attack.
Your Fighting skill increases to level 10!
You hit the bullfrog.
Your tail-slap misses the bullfrog.
The bullfrog is moderately wounded.
You feel sick.
You are no longer poisoned.
The bullfrog barely misses you.
You riposte.
You slice the bullfrog!!
The bullfrog is almost dead.
The bullfrog hits you but does no damage.
You slash the bullfrog!
You kill the bullfrog!
You slash the acid dragon!
You tail-slap the acid dragon, but do no damage.
The acid dragon is moderately wounded.
The acid dragon bites you.
The acid dragon claws you but does no damage.
The acid dragon bites you! The acid dragon barely misses you.
You closely miss the acid dragon. You tail-slap the acid dragon.
The acid dragon is severely wounded.
The acid dragon spits acid at you. The splash of acid hits you!
The acid corrodes you!
You are splashed with acid!
* * * LOW HITPOINT WARNING * * *
You feel protected. The acid dragon bites you.
* * * LOW HITPOINT WARNING * * *
You block the acid dragon's attack.
Your shield and scale mail prevent you from hitting the acid dragon.
Your tail-slap misses the acid dragon.
The acid dragon is severely wounded.
The acid dragon spits acid at you. The splash of acid hits you. You resist.
* * * LOW HITPOINT WARNING * * *
You are splashed with acid.
You resist.
You die...

###.#...##.# #.......#..####
......####.## ##......#.....
............####......#..#####.
......###......................
####### #....#####.#..#..#####.
#.<..# #............... #....#
#.#.#.##..###.#. #....#
#.#.#.##..# #....# #@#.####..#
.##+####D#.## #... ..
#.....Z...# #.### ...
####.#.##.#####
...#####.#........
.................#
..................
..................
..................#


You could see an acid dragon (catching breath) and a bullfrog zombie.

Vanquished Creatures
  2 ogres
  A centaur (D:5)
  A bullfrog (D:6)
  A water moccasin zombie (D:5)
  A scorpion (D:5)
  A howler monkey (D:4)
  A jelly (D:4)
  7 hounds
  2 orc priests
  4 iguanas
  An orc wizard (D:5)
  A killer bee zombie (D:5)
  A hound zombie (D:5)
  11 adders
  2 gnolls (D:4)
  A white imp (D:5)
  An ufetubus (D:4)
  An adder skeleton (D:4)
  7 worms
  4 dart slugs
  6 orcs
  5 ball pythons
  11 endoplasms
  9 giant cockroaches
  11 goblins
  3 hobgoblins
  12 jackals
  9 quokkas
  15 bats
  4 frilled lizards
  7 kobolds
  4 rats (D:3)
147 creatures vanquished.

Vanquished Creatures (others)
  6 fungi (D:4)
  5 toadstools (D:4)
11 creatures vanquished.

Grand Total: 158 creatures vanquished

Notes
Turn   | Place    | Note
-------+----------+-------------------------------------------
     0 | D:1      | senseless the Palentonga Fighter began the quest for the
                  | Orb.
     0 | D:1      | Reached XP level 1. HP: 19/19 MP: 1/1
    28 | D:1      | Found Rupteynu's General Store.
   196 | D:1      | Reached XP level 2. HP: 25/25 MP: 2/2
   464 | D:1      | Reached skill level 4 in Fighting
   770 | D:1      | Reached XP level 3. HP: 24/32 MP: 3/3
  1111 | D:2      | Reached skill level 5 in Fighting
  1111 | D:2      | Reached XP level 4. HP: 30/41 MP: 4/4
  1560 | D:2      | Found a blossoming altar of Fedhas.
  1848 | D:2      | Reached XP level 5. HP: 45/49 MP: 5/5
  2169 | D:3      | Found a faded altar of an unknown god.
  2264 | D:3      | Reached skill level 6 in Fighting
  2520 | D:3      | Found a glowing drain.
  2571 | Sewer    | Entered a sewer
  3366 | Sewer    | Gained mutation: Your muscles are strong. (Str +2) [potion
                  | of mutation]
  3366 | Sewer    | Gained mutation: Your spells are a little harder to cast,
                  | but a little more powerful. [potion of mutation]
  3643 | D:4      | Reached XP level 6. HP: 42/56 MP: 6/6
  3770 | D:4      | Reached skill level 7 in Fighting
  3942 | D:4      | Found a hazy altar of Hepliaklqana.
  3996 | D:4      | Found a radiant altar of Vehumet.
  4778 | D:5      | Entered Level 5 of the Dungeon
  5014 | D:5      | Found a transporter.
  5016 | D:5      | Noticed a wyvern
  5029 | D:5      | Noticed ma3's ghost (novice OpTm)
  5034 | D:5      | Found a transporter.
  5059 | D:5      | Reached skill level 8 in Fighting
  5059 | D:5      | Gained mutation: You curl defensively after being hit.
                  | [Palentonga growth]
  5059 | D:5      | Reached XP level 7. HP: 58/66 MP: 7/7
  5423 | D:5      | Reached skill level 9 in Fighting
  6521 | D:5      | Reached XP level 8. HP: 30/77 MP: 8/8
  7062 | D:5      | Identified a scroll of acquirement
  7062 | D:5      | Acquired a +2 scimitar of holy wrath
  7135 | D:6      | Reached skill level 10 in Fighting
  7140 | D:6      | HP: 2/77 [acid dragon/splash of acid (4)]
  7140 | D:6      | Splashed by an acid dragon's acid

Illustrated notes

Levels and vault maps discovered:
D:1:      scummos_arrival_simple_crosswalls, layout_loops_corners, serial_shops,
          nicolae_shop_crystal, wander_ebering_terrifying_dragon_lair
D:2:      layout_basic, basic_altar
D:3:      layout_rooms, gup_sewer_entry_bubbles,
          ebering_ecumenical_altar_petrified, minmay_misc_feat_doors
D:4:      layout_cave_pools, vehumet_altar_wand_db,
          worldfamousw_hep_ancestral_shrine, minmay_gold_behind_fungi,
          roderic_lattice_a, nicolae_underground_beach
D:5:      layout_loops_corners, gammafunk_ghost_arena, st_stairs_4,
          minmay_manual_mess
D:6:      layout_basic, minmay_overflow_temple_star_quad,
          minmay_temple_entry_butterflies, hangedman_decor_peaks_small

Skill      XL: |  1  2  3  4  5  6  7  8 |
---------------+-------------------------+-----
Fighting       | 4 5 6 8 9 10 | 10.3
Long Blades    | |  2.0
Armour         | |  2.4
Shields        | |  2.4

Action                   |  1- 3 |  4- 6 |  7- 9 || total
-------------------------+-------+-------+-------++-------
Melee: Long sword        |    55 |       |       ||    55
       Tailslap          |    12 |    25 |    18 ||    55
       Hand axe          |    35 |   224 |   112 ||   371
       Scimitar          |       |       |    15 ||    15
 Abil: Rolling Charge    |    26 |    45 |    14 ||    85
Evoke: Wand              |       |     1 |       ||     1
  Use: Scroll            |       |    14 |     1 ||    15
       Potion            |       |     1 |     3 ||     4
Armor: Scale mail        |    45 |   126 |    53 ||   224
Dodge: Dodged            |    14 |    47 |    44 ||   105
Block: Kite shield       |    30 |   125 |    79 ||   234
       Rpst.: Long sword |     6 |       |       ||     6
       Scimitar          |       |       |     3 ||     3

Table legend: (Time is in decaauts)
 A = Elapsed time spent in this place.
 B = Non-inter-level travel time spent in this place.
 C = Inter-level travel time spent in this place.
 D = Time resting spent in this place.
 E = Time spent auto-exploring this place.
 F = Levels seen in this place.
 G = Mean time per level.
                   A        B        C        D        E       F      G
               +--------+--------+--------+--------+--------+-----+--------+
         Total |   7546 |   7322 |    224 |   1882 |   4214 |   7 | 1078.0 |
       Dungeon |   6578 |   6354 |    224 |   1768 |   3588 |   6 | 1096.3 |
         Sewer |    968 |    968 |      0 |    114 |    625 |   1 |  968.0 |
               +--------+--------+--------+--------+--------+-----+--------+

Top non-repeatable levels by time:
     D:4: 2004 daAuts
     D:5: 1532 daAuts
     D:1: 1050 daAuts
     D:2: 1035 daAuts
   Sewer: 968 daAuts
     D:3: 873 daAuts
     D:6: 80 daAuts
